Sam, lawful female human Valkyrie --- ---- ..---*..| ..(....------ ............ ...........- |........... |%*........-- -- |...........-- ....--- ....................| --- - ---------#-#----.-........................| |..........%).%...<...................- --.(-#-------------- ..--- ---- --- ---..--- | |-Y..| |@...| --.--- --- Sam the Fighter Experience level: 6 Strength: 14 Dexterity: 14 Constitution: 18 Intelligence: 8 Wisdom: 8 Charisma: 9 Health: 0(56) Energy: 14(14) Def: 8 Gold: 252 Moves: 2692 Dungeon seed: bu4kcTmR9nerKzkP Game ID: Sam_1523705217 Your Inventory: Coins $ - 252 gold pieces Weapons a - a +1 long sword (weapon in hand) b - a +0 dagger k - a +0 dagger Armor e - an uncursed +3 small shield (being worn) n - an uncursed rusty +0 ring mail (being worn) q - an uncursed +0 pair of high boots (being worn) Comestibles v - an uncursed food ration Scrolls d - an uncursed scroll of earth f - a blessed scroll of light g - a cursed scroll of enchant weapon i - an uncursed scroll of remove curse t - an uncursed scroll of create monster Wands l - a wand of striking (0:0) r - a wand of digging (0:7) Tools m - an uncursed towel o - an uncursed bag of holding Spells and supernatural/magical abilities: Name Level Category Fail Memory W - pray for help -- divine ? -- Your skills at the end: Fighting Skills Weapon Skills dagger [Basic] long sword [Basic] Spellcasting Skills Final Attributes: You were piously aligned. You were cold resistant. You were stealthy. You are dead. Vanquished creatures: a giant spider 2 gnome kings a dog 6 gnome lords a gnomish wizard a gray ooze 5 dwarves a giant bat an acid blob 2 coyotes a gas spore a hobbit a large kobold a hobgoblin 34 gnomes a gecko 4 jackals a fox a kobold 2 goblins a sewer rat 4 grid bugs a bat 3 lichens a kobold zombie 3 newts 81 creatures vanquished. Voluntary challenges: You had been an atheist until turn 2390. You used a wielded weapon 111 times, starting on turn 3. You were illiterate. You never genocided any monsters. You never polymorphed an object. You never changed form. You used no wishes. You never split a pudding. You never wrote Elbereth's name. You violated your moral code, losing 13 points of alignment, starting on turn 1629. Dungeon overview: The Dungeons of Doom: levels 1 to 3 Level 1 a long staircase Level 2 Level 3 a sink stairs to The Gnomish Mines The Gnomish Mines: levels 4 to 8 Level 4 stairs to The Dungeons of Doom Level 5 Level 6 Level 7 many shops, some fountains, some trees Level 8 <- You were here History has recorded: On T:1 you entered the Dungeons of Doom to retrieve the Amulet of Yendor! On T:284 you reached level 2 of The Dungeons of Doom. On T:394 you advanced to experience level 2. On T:567 you advanced to experience level 3. On T:642 you reached level 3 of The Dungeons of Doom. On T:963 you reached level 1 of The Gnomish Mines. On T:1017 you advanced to experience level 4. On T:1086 you advanced to experience level 5. On T:1345 you reached level 2 of The Gnomish Mines. On T:1803 you reached level 3 of The Gnomish Mines. On T:1840 you advanced to experience level 6. On T:2064 you reached level 4 of The Gnomish Mines. On T:2371 you reached level 5 of The Gnomish Mines. Score breakdown: Gold: 252 ( 8174 points) Experience: 6 levels (12456 points) Exploration: 8 levels ( 16.67%) (11577 points) Discoveries: 5 items ( 2.03%) ( 4276 points) Valuables value: (no points given unless you survive) Artifact value: 0 ( 0 points) Variety of kills: 26 monsters ( 6.82%) ( 7836 points) Turncount: 2692 turns ( -439 points) Survival: died (score multiplied by 80%) Total score: 35104 Latest messages: You hear crashing rock. (3x) You stop waiting. Please move the cursor to an unknown object. Never mind. You miss the ape. The ape hits! (2x) The ape misses. You hit the ape! The ape just misses! The ape hits! The ape bites! You hit the ape! The ape hits! (2x) The ape bites! You hit the ape. The ape just misses! The ape misses. The ape bites! You die... The bag of holding is empty. The bag of holding is empty. Final status: Farvel Sam the Valkyrie, killed by an ape... You died in The Gnomish Mines on dungeon level 8 with 35104 points, and 252 pieces of gold, after 2692 moves. You were level 6 with a maximum of 56 hit points when you died.